 Dungeon Crawl Stone Soup version 0.26-a0-579-g3afe4966bf (webtiles) character file.

Game seed: 603412547096263912

439 goremand the Cleaver (level 6, -6/52 HPs)
             Began as a Minotaur Fighter on Aug 23, 2020.
             Killed by divine providence
             ... invoked by an orc priest
              (16 damage)
             ... on level 4 of the Dungeon.
             The game lasted 00:14:55 (3111 turns).

goremand the Cleaver (Minotaur Fighter)             Turns: 3111, Time: 00:14:55

Health: -6/52      AC: 10    Str: 23    XL:     6   Next: 70%
Magic:  5/5        EV:  8    Int:  5    God:
Gold:   112        SH:  9    Dex:  9    Spells: 5/5 levels left

rFire    . . .     SeeInvis .   a - +0 war axe
rCold    . . .     Faith    .   c - +0 kite shield
rNeg     . . .     Spirit   .   q - quicksilver dragon scales
rPois    .         Reflect  .   (helmet restricted)
rElec    .         Harm     .   (no cloak)
rCorr    .                      (no gloves)
MR       +....                  (no boots)
Stlth    ..........             (no amulet)
HPRegen  0.17/turn              (no ring)
MPRegen  0.09/turn              (no ring)

@: no status effects
A: retaliatory headbutt, horns 2
a: no special abilities


You were on level 4 of the Dungeon.
You visited 1 branch of the dungeon, and saw 4 of its levels.

You collected 112 gold pieces.

Inventory:

Hand Weapons
 a - a +0 war axe (weapon)
Missiles
 l - 9 stones (quivered)
Armour
 b - a +0 scale mail
 c - a +0 kite shield (worn)
 o - a +0 helmet
 q - quicksilver dragon scales (worn)
Scrolls
 e - a scroll of fear {unknown}
 f - 3 scrolls of teleportation {unknown}
 g - 8 scrolls of remove curse {unknown}
 h - 2 scrolls of enchant armour {unknown}
 m - 5 scrolls of identify {unknown}
 n - 2 scrolls of magic mapping {unknown}
Potions
 d - a potion of might
 i - a potion of resistance {unknown}
 j - a potion of stabbing {unknown}
 k - 3 potions of haste
 p - a potion of degeneration {unknown}


   Skills:
 - Level 3.9 Fighting
 * Level 8.4 Axes
 - Level 3.9 Armour
 - Level 3.9 Shields


You had 5 spell levels left.
You didn't know any spells.
Your spell library was empty.

Dungeon Overview and Level Annotations

Branches:
Dungeon (4/15)
 Temple: D:4-7

Altars:
Ashenzari
Sif Muna
Vehumet

Annotations:
D:3 Sigmund


Innate Abilities, Weirdness & Mutations

You reflexively headbutt those who attack you in melee.
You have a pair of horns on your head.


Message History

Found a stone staircase leading down.
An orc priest comes into view.
The orc priest shouts!
The orc priest calls down the wrath of Beogh upon you.
Beogh smites you!
The orc priest miscasts a cantrip.
The orc priest invokes the aid of Beogh against you.
Beogh smites you!
The orc priest calls down the wrath of Beogh upon you.
Beogh smites you!
You barely miss the orc priest. Your headbutt misses the orc priest.
The orc priest invokes the aid of Beogh against you.
Beogh smites you!
* * * LOW HITPOINT WARNING * * *
You slash the orc priest! Your headbutt misses the orc priest.
The orc priest is heavily wounded.
The orc priest hits you but does no damage.
The orc priest mumbles some strange prayers to Beogh against you.
Beogh smites you!
You die...

...................
#.....))...........
######)####....##....#
#.# #.#### ##.## #.#
#..## ...# #.# ##..#
#.. #.# ##.#### #..
#.# #....# #.#### ##.
#.#
####@###....###....
#.# #.o##...........
#.# ##.........#....
#......##...o...#
#..##......###.>## .
......### ...o
..###.#.# #?.. ..
...#.# .. # ..###.# .


You could see an orc priest.

Vanquished Creatures
  A hound (D:3)
  2 iguanas
  A worker ant (D:4)
  2 orc wizards
  Robin (D:3)
  10 gnolls
  5 adders
  A howler monkey skeleton (D:4)
  2 oozes
  2 dart slugs (D:2)
  3 worms
  6 leopard geckos
  3 orcs
  A ball python (D:2)
  3 bats
  2 giant cockroaches
  13 goblins
  13 hobgoblins
  5 jackals
  9 kobolds
  2 frilled lizards (D:2)
  9 rats
96 creatures vanquished.

Vanquished Creatures (others)
  4 plants (D:2)
4 creatures vanquished.

Grand Total: 100 creatures vanquished

Notes
Turn   | Place    | Note
-------+----------+-------------------------------------------
     0 | D:1      | goremand the Minotaur Fighter began the quest for the Orb.
     0 | D:1      | Reached XP level 1. HP: 19/19 MP: 0/0
   308 | D:1      | Reached XP level 2. HP: 27/27 MP: 1/1
   642 | D:1      | Reached skill level 3 in Axes
   929 | D:2      | Reached XP level 3. HP: 33/33 MP: 2/2
   962 | D:2      | Reached skill level 4 in Axes
   980 | D:2      | Reached skill level 5 in Axes
   980 | D:2      | Reached XP level 4. HP: 17/40 MP: 3/3
  1499 | D:2      | Found a shimmering blue altar of Sif Muna.
  1521 | D:2      | Found a shattered altar of Ashenzari.
  1521 | D:2      | Found a radiant altar of Vehumet.
  1692 | D:2      | Reached XP level 5. HP: 46/46 MP: 4/4
  1695 | D:2      | Reached skill level 6 in Axes
  2273 | D:3      | Noticed Sigmund
  2338 | D:3      | Reached skill level 7 in Axes
  2341 | D:3      | Noticed Robin
  2360 | D:3      | Killed Robin
  2364 | D:3      | Reached XP level 6. HP: 47/52 MP: 5/5
  2491 | D:3      | Found a shattered altar of Ashenzari.
  2502 | D:3      | Found a faded altar of an unknown god.
  2857 | D:4      | Reached skill level 8 in Axes
  3111 | D:4      | Killed from afar by an orc priest

Illustrated notes

Levels and vault maps discovered:
D:1:      dpeg_arrival_solitude, layout_loops_corners
D:2:      layout_basic, gammafunk_temple_overflow_forgotten, feat_on_display
D:3:      layout_basic, nicolae_tso_swordbearing_angel,
          chequers_ecumenical_altar_simple_redux, cheibrodos_ashenzari_chains,
          uniq_robin, uniq_sigmund
D:4:      layout_rooms, uniq_grinder

Skill      XL: |  1  2  3  4  5  6 |
---------------+-------------------+-----
Axes           | 3 5 7 8 |  8.4
Fighting       | |  3.9
Armour         | |  3.9
Shields        | |  3.9

Action                   |  1- 3 |  4- 6 || total
-------------------------+-------+-------++-------
Melee: War axe           |    52 |   195 ||   247
       Headbutt          |     8 |    22 ||    30
  Use: Potion            |       |     2 ||     2
Armor: Scale mail        |    18 |    54 ||    72
       Quicksilver drago |       |    14 ||    14
Dodge: Dodged            |    14 |    57 ||    71
Block: Kite shield       |    22 |    96 ||   118

Table legend: (Time is in decaauts)
 A = Elapsed time spent in this place.
 B = Non-inter-level travel time spent in this place.
 C = Inter-level travel time spent in this place.
 D = Time resting spent in this place.
 E = Time spent auto-exploring this place.
 F = Levels seen in this place.
 G = Mean time per level.
                   A        B        C        D        E       F      G
               +--------+--------+--------+--------+--------+-----+--------+
         Total |   3164 |   3164 |      0 |    322 |   2083 |   4 |  791.0 |
       Dungeon |   3164 |   3164 |      0 |    322 |   2083 |   4 |  791.0 |
               +--------+--------+--------+--------+--------+-----+--------+

Top non-repeatable levels by time:
     D:2: 1238 daAuts
     D:1: 904 daAuts
     D:3: 743 daAuts
     D:4: 278 daAuts
